 Dungeon Crawl Stone Soup version 0.25-a0-576-g50b708a4c4 (console) character file.

Game seed: 15667379706921266177, levelgen mode: classic

29276 Duffy the Cleaver (level 13, 99/99 HPs)
             Began as a Formicid Fighter on Mar 1, 2020.
             Was an Elder of the Shining One.
             Quit the game on level 4 of the Lair of Beasts.
             The game lasted 00:20:14 (18478 turns).

Duffy the Cleaver (Formicid Fighter)               Turns: 18478, Time: 00:20:15

Health: 99/99      AC: 13    Str: 18    XL:     13   Next: 79%
Magic:  28/28      EV: 15    Int: 14    God:    the Shining One [****..]
Gold:   976        SH: 12    Dex: 18    Spells: 12/12 levels left

rFire    . . .     SeeInvis +   a - +4 battleaxe (freeze)
rCold    . . .     Gourm    .   S - +0 kite shield {reflect}
rNeg     + + .     Faith    .   s - +2 scale mail {rPois}
rPois    +         Spirit   .   (helmet unavailable)
rElec    +         Reflect  +   (no cloak)
rCorr    .         Harm     .   p - +2 pair of gloves
MR       ++...                  (no boots)
Stlth    ..........             (no amulet)
HPRegen  0.26/turn              u - ring of protection from magic
MPRegen  0.21/turn              M - ring of Xoiduib {*Slow rElec MP+9 Str-2 Dex+8}

@: silence, glowing
A: permanent stasis, dig shafts and tunnels, four strong arms, antennae 3
a: Dig, Shaft Self, Renounce Religion


You were on level 4 of the Lair of Beasts.
You worshipped the Shining One.
The Shining One was greatly pleased with you.
You were full.

You visited 3 branches of the dungeon, and saw 16 of its levels.
You also visited: Gauntlet.

You collected 976 gold pieces.

Inventory:

Hand Weapons
 a - a +4 battleaxe of freezing (weapon)
 A - a +2 hand axe of electrocution
 D - a +1 war axe of electrocution
 G - a +1 war axe of venom
Armour
 p - a +2 pair of gloves (worn)
 s - a +2 scale mail of poison resistance (worn)
 E - the cursed +1 pearl dragon scales of the Lute {*Drain rN+ rCorr Str+3 Dex+3}
   (You took it off a minotaur in a Gauntlet)

   It affects your strength (+3).
   It affects your dexterity (+3).
   It protects you from negative energy.
   It provides partial protection from all sources of acid and corrosion.
   It causes draining when unequipped.
   If you switch to wearing this armour, your AC will increase by 4 (13 -> 17).
   It has a curse placed upon it.
 S - a +0 kite shield of reflection (worn)
 T - a +0 plate armour of cold resistance
Jewellery
 u - a ring of protection from magic (left hand)
 L - an uncursed ring of protection from fire
 M - the ring of Xoiduib (right hand) {*Slow rElec MP+9 Str-2 Dex+8}
   (You took it off a minotaur in a Gauntlet)

   [ring of magical power]

   It affects your strength (-2).
   It affects your dexterity (+8).
   It insulates you from electricity.
   It affects your magic capacity (+9).
   It may slow you when you take damage.
 R - an uncursed ring of flight
Wands
 i - a wand of polymorph (4)
 v - a wand of clouds (2)
 x - a wand of flame (44)
 I - a wand of digging (4)
 K - a wand of paralysis (17)
 Q - a wand of iceblast (6)
Scrolls
 c - a scroll of identify
 e - 2 scrolls of silence
 g - 5 scrolls of fog
 k - 2 scrolls of remove curse
 q - 2 scrolls of fear {unknown}
 r - 3 scrolls of enchant armour
 t - 7 scrolls of enchant weapon {unknown}
 w - 2 scrolls of noise {unknown}
 z - 4 scrolls of magic mapping {unknown}
 C - 2 scrolls of immolation {unknown}
Potions
 b - 2 potions of magic {unknown}
 d - 7 potions of might
 h - a potion of brilliance {unknown}
 j - 2 potions of lignification
 l - 6 potions of curing
 m - 5 potions of heal wounds
 n - a potion of degeneration {unknown}
 o - 4 potions of flight
 B - 2 potions of mutation
 F - 2 potions of cancellation
Comestibles
 f - 34 rations


   Skills:
 - Level 8.3 Fighting
 - Level 14.0 Axes
 - Level 8.0 Armour
 - Level 8.1 Dodging
 - Level 9.0 Shields
 + Level 9.2 Invocations
 - Level 6.0 Evocations


You had 12 spell levels left.
You didn't know any spells.
Your spell library contained the following spells:

 Spells                   Type           Power        Failure   Level  Hunger
 Corona                   Hex            #......      61%         1    ##.....
 Infusion                 Chrm           #...         61%         1    ##.....
 Sting                    Tmut/Pois      #...         61%         1    ##.....
 Shroud of Golubria       Chrm/Tloc      #.....       75%         2    ###....
 Slow                     Hex            #.......     75%         2    ###....
 Song of Slaying          Chrm           #.......     75%         2    ###....
 Dazzling Flash           Conj/Hex       #.....       93%         3    ####...
 Inner Flame              Hex/Fire       #.......     93%         3    ####...
 Ozocubu's Armour         Chrm/Ice       #.......     93%         3    ####...
 Portal Projectile        Hex/Tloc       #.....       93%         3    ####...
 Spectral Weapon          Hex/Chrm       #.......     93%         3    ####...
 Static Discharge         Conj/Air       #.......     93%         3    ####...
 Cause Fear               Hex            #.........   100%        4    #####..
 Leda's Liquefaction      Hex/Erth       #.........   100%        4    #####..
 Freezing Cloud           Conj/Ice/Air   #.........   100%        6    #######


Dungeon Overview and Level Annotations

Branches:
Dungeon (11/15)            Temple (1/1) D:4            Lair (4/6) D:11
    Orc (0/2) D:11        Gauntlet (visited)
  Swamp: Lair:2-4    Shoals: Lair:2-4     Snake: Lair:2-4    Spider: Lair:2-4

Altars:
Ashenzari
Cheibriados
Dithmenos
Elyvilon
Fedhas
Gozag
Hepliaklqana
Kikubaaqudgha
Makhleb
Nemelex Xobeh
Okawaru
Qazlal
Ru
Sif Muna
Trog
Uskayaw
Vehumet
Wu Jian
Xom
Yredelemnul
Zin
The Shining One
Beogh
Jiyva


Innate Abilities, Weirdness & Mutations

You cannot be hasted, slowed, berserked, paralysed or teleported.
You can dig through walls and to a lower floor.
Your four strong arms can wield two-handed weapons with a shield.
You have a pair of large antennae on your head. (SInv)


Message History

You kill the adder!
No target in view!
No target in view!
No target in view!
No target in view!
No target in view!
No target in view!
No target in view!
No target in view!
Okay, then.
As you read the scroll labeled JYOZO FUTHRIRGH, it crumbles to dust.
A profound silence engulfs you.
It was a scroll of silence.
A water moccasin comes into view.
An adder comes into view.
Okay, then.
Are you sure you want to abandon this character and quit the game? (Confirm with "yes".)
Okay, then.
Unknown command.
Unknown command.
Are you sure you want to abandon this character and quit the game? (Confirm with "yes".)

###P.#.###### ##...=#
##...# ### #####P.##
#####.## #.#P..+##
####.P#.#.# #....%..##
#.......%.. ##........#
#...<......
#........+.##.......... #
#....@.....P...........
##.##.......#...........(.
#............#......<.....
##..#.......##.#..........
#..#..###.#S...#.####....
#. .P## #.....## ###..
#..... ##.S# #.## ####..
.# ... ##.. ###.


You could see a water moccasin and an adder (wandering).

Vanquished Creatures
  A minotaur (Gauntlet)
  The ghost of Usija the Fighter, a journeyman DrIE of Vehumet (Lair:2)
  The ghost of Duffy the Cleaver, a journeyman NaGl of the Shining One (D:9)
  3 hydras
  The ghost of Vorrupraett the Cleaver, a novice DDFi of Makhleb (D:10)
  A two-headed ogre (D:8)
  The ghost of Kagalorn the Thaumaturge, a novice GnWz of Ashenzari (D:7)
  An orange crystal statue (Gauntlet)
  A manticore (D:10)
  A black mamba (Lair:1)
  3 elephants (Lair:4)
  A spiny frog (Lair:2)
  2 komodo dragons (Lair:2)
  A queen bee (Lair:1)
  A troll (D:11)
  5 slime creatures
  16 blink frogs
  2 large abominations (Gauntlet)
  8 hippogriffs
  A wyvern (D:8)
  13 yaks
  A wraith (D:10)
  Grum (D:11)
  2 swamp worms (Lair:4)
  Duvessa (D:4)
  8 water moccasins
  2 black bears
  7 porcupines
  4 sky beasts
  8 orc warriors
  6 ice beasts
  2 phantoms
  An eye of draining (D:11)
  A necrophage (D:9)
  11 centaurs
  8 ogres
  5 crocodiles
  10 wolves
  2 big kobolds (D:7)
  9 bullfrogs
  Dowan (D:4)
  3 scorpions
  28 killer bees
  5 small abominations (Gauntlet)
  4 wights (D:7)
  4 howler monkeys
  A bullfrog zombie (D:9)
  A centaur zombie (D:7)
  8 crimson imps
  2 quasits
  7 orc wizards
  2 centaur skeletons
  9 orc priests
  4 hounds
  9 jellies
  2 iguanas
  4 worker ants
  A hound zombie (D:11)
  2 worker ant zombies
  Robin (D:2)
  7 gnolls
  2 howler monkey skeletons
  10 adders
  2 shadow imps (D:7)
  2 oozes
  An adder skeleton (D:4)
  A worm (D:2)
  2 dart slugs
  4 leopard geckos
  49 orcs
  8 giant cockroaches
  13 goblins
  9 hobgoblins
  3 jackals (D:2)
  12 kobolds
  5 quokkas
  3 ball pythons
  9 bats
  5 frilled lizards
  A leopard gecko skeleton (D:5)
  6 rats
  3 fungi
  A plant (Lair:2)
410 creatures vanquished.

Vanquished Creatures (others)
  A bush (D:10)
  A demonic plant (Gauntlet)
  3 fungi
  A plant (Lair:4)
6 creatures vanquished.

Grand Total: 416 creatures vanquished

Notes
Turn   | Place    | Note
-------+----------+-------------------------------------------
     0 | D:1      | Duffy the Formicid Fighter began the quest for the Orb.
     0 | D:1      | Reached XP level 1. HP: 18/18 MP: 1/1
   122 | D:1      | Reached XP level 2. HP: 24/24 MP: 2/2
   390 | D:1      | Reached XP level 3. HP: 29/29 MP: 3/3
   847 | D:2      | Reached skill level 3 in Axes
   852 | D:2      | Reached XP level 4. HP: 18/35 MP: 4/4
  1065 | D:2      | Reached skill level 5 in Shields
  1304 | D:2      | Found an iron altar of Okawaru.
  1337 | D:2      | Reached XP level 5. HP: 41/41 MP: 5/5
  1461 | D:2      | Noticed Robin
  1471 | D:2      | Killed Robin
  1899 | D:3      | Reached skill level 4 in Axes
  2500 | D:3      | Found a shimmering blue altar of Sif Muna.
  2502 | D:3      | Found a hazy altar of Hepliaklqana.
  2504 | D:3      | Found a glowing golden altar of the Shining One.
  2602 | D:3      | Became a worshipper of the Shining One
  2727 | D:3      | Reached XP level 6. HP: 40/47 MP: 6/6
  2857 | D:3      | Found a shadowy altar of Dithmenos.
  2984 | D:4      | Found a glowing silver altar of Zin.
  2985 | D:4      | Found an opulent altar of Gozag.
  3004 | D:4      | Noticed an ogre
  3005 | D:4      | Noticed an ice beast
  3027 | D:4      | Killed an ogre
  3027 | D:4      | Reached skill level 1 in Invocations
  3259 | D:4      | Killed an ice beast
  3259 | D:4      | Reached XP level 7. HP: 52/52 MP: 8/8
  3266 | D:4      | Found a shattered altar of Ashenzari.
  3321 | D:4      | Found a staircase to the Ecumenical Temple.
  3441 | D:4      | Noticed Duvessa
  3441 | D:4      | Noticed Dowan
  3452 | D:5      | Entered Level 5 of the Dungeon
  3565 | D:5      | Reached skill level 5 in Axes
  3882 | D:5      | Reached XP level 8. HP: 58/58 MP: 9/11
  4385 | D:6      | Reached skill level 6 in Axes
  4503 | D:6      | Reached skill level 5 in Invocations
  5201 | D:6      | Reached XP level 9. HP: 64/64 MP: 12/12
  5244 | D:6      | Reached * piety under the Shining One
  5244 | D:6      | Reached skill level 7 in Axes
  5251 | D:6      | Reached skill level 1 in Evocations
  5733 | D:7      | Reached skill level 8 in Axes
  5963 | D:7      | Found a runed translucent door.
  6104 | D:7      | Noticed Kagalorn's ghost (novice GnWz)
  6312 | D:7      | Reached skill level 9 in Axes
  6328 | D:7      | Reached skill level 5 in Fighting
  6344 | D:7      | Reached XP level 10. HP: 37/74 MP: 13/13
  7392 | D:8      | Reached ** piety under the Shining One
  7396 | D:8      | Reached skill level 10 in Axes
  7563 | D:8      | Noticed a two-headed ogre
  7571 | D:8      | Killed a two-headed ogre
  7928 | D:4      | Killed Duvessa
  7928 | D:4      | Killed Dowan
  7993 | D:4      | Found a shimmering altar of Xom.
  8063 | Temple   | Entered the Ecumenical Temple
  8344 | D:7      | Killed Kagalorn's ghost
  8655 | D:9      | Reached XP level 11. HP: 87/87 MP: 14/14
  8673 | D:9      | Noticed Duffy's ghost (journeyman NaGl)
  8674 | D:9      | Found a runed translucent door.
  8680 | D:9      | Reached skill level 11 in Axes
  8680 | D:9      | Reached skill level 1 in Dodging
  8868 | D:9      | Killed Duffy's ghost
  8868 | D:9      | Reached skill level 5 in Armour
  9804 | D:10     | Entered Level 10 of the Dungeon
 10152 | D:10     | Found a blossoming altar of Fedhas.
 10329 | D:10     | Reached *** piety under the Shining One
 10333 | D:10     | Found a roughly hewn altar of Beogh.
 10634 | D:11     | Noticed Vorrupraett's ghost (novice DDFi)
 10635 | D:11     | Noticed a manticore
 10649 | D:11     | Found a runed translucent gate.
 10649 | D:11     | Found a runed translucent gate.
 10649 | D:11     | Found a runed translucent gate.
 10687 | D:10     | Killed a manticore
 10707 | D:10     | Killed Vorrupraett's ghost
 10882 | D:11     | Reached skill level 12 in Axes
 11158 | D:11     | Noticed Grum
 11174 | D:11     | Killed Grum
 11174 | D:11     | Reached XP level 12. HP: 94/94 MP: 15/15
 11182 | D:11     | Reached skill level 5 in Dodging
 11398 | D:11     | Found a staircase to the Lair.
 11860 | D:11     | Found a staircase to the Orcish Mines.
 12234 | Lair:1   | Entered Level 1 of the Lair of Beasts
 12328 | Lair:1   | Found a stormy altar of Qazlal.
 14164 | Lair:2   | Reached skill level 13 in Axes
 14191 | Lair:2   | Noticed an eight-headed hydra
 14198 | Lair:2   | Killed an eight-headed hydra
 14908 | Lair:2   | Reached XP level 13. HP: 86/99 MP: 16/16
 15366 | Lair:3   | Found a gate leading to a gauntlet.
 15375 | Gauntlet | Entered a Gauntlet
 15375 | Gauntlet | Found a transporter.
 15375 | Gauntlet | Found a transporter.
 15375 | Gauntlet | Reached **** piety under the Shining One
 15376 | Gauntlet | Found a transporter.
 15376 | Gauntlet | Found a transporter.
 15379 | Gauntlet | Found a transporter.
 15389 | Gauntlet | Found a transporter.
 15456 | Gauntlet | Found a transporter.
 15458 | Gauntlet | Found a large runed translucent door.
 15459 | Gauntlet | Found a large runed translucent door.
 15460 | Gauntlet | Found a large runed translucent door.
 15460 | Gauntlet | Found a large runed translucent door.
 15460 | Gauntlet | Found a runed translucent door.
 15460 | Gauntlet | Found a runed translucent door.
 15461 | Gauntlet | Found a large runed translucent door.
 15462 | Gauntlet | Found a large runed translucent door.
 15463 | Gauntlet | Found a large runed translucent door.
 15463 | Gauntlet | Found a large runed translucent door.
 15464 | Gauntlet | Found a runed translucent gate.
 15464 | Gauntlet | Found a runed translucent gate.
 15464 | Gauntlet | Found a runed translucent gate.
 15466 | Gauntlet | Found a transporter.
 15475 | Gauntlet | Found a large runed translucent door.
 15475 | Gauntlet | Found a large runed translucent door.
 15476 | Gauntlet | Found a large runed translucent door.
 15477 | Gauntlet | Found a large runed translucent door.
 15481 | Gauntlet | Found a transporter.
 15496 | Gauntlet | Found a transporter.
 15506 | Gauntlet | Found a transporter.
 15512 | Gauntlet | Found a transporter.
 15544 | Gauntlet | Found a large runed translucent door.
 15545 | Gauntlet | Found a large runed translucent door.
 15546 | Gauntlet | Found a large runed translucent door.
 15546 | Gauntlet | Found a large runed translucent door.
 15948 | Gauntlet | Got a sparkling iron ring
 15956 | Gauntlet | Identified the cursed ring of Ogijuyn {EV-3 Dex+4} (You
                  | found it in a Gauntlet)
 15981 | Gauntlet | Identified the cursed +1 pearl dragon scales of the Lute
                  | {*Drain rN+ rCorr Str+3 Dex+3}
 15981 | Gauntlet | Identified the ring of Xoiduib {*Slow rElec MP+9 Str-2
                  | Dex+8}
 15981 | Gauntlet | Noticed a minotaur
 16001 | Gauntlet | Killed a minotaur
 16001 | Gauntlet | Reached skill level 14 in Axes
 16202 | Gauntlet | Got an encrusted ring mail
 16210 | Gauntlet | Identified the Disquisition on Destructive Transmigration
 16211 | Gauntlet | Got a transparent robe
 16257 | Gauntlet | Identified the cursed +1 ring mail of Fun {MP+9} (You found
                  | it in a Gauntlet)
 16589 | Lair:3   | Found a runed translucent gate.
 16589 | Lair:3   | Found a runed translucent gate.
 16590 | Lair:3   | Found a runed translucent gate.
 16594 | Lair:3   | Noticed Usija's ghost (journeyman DrIE)
 16596 | Lair:3   | Found a viscous altar of Jiyva.
 16669 | Lair:2   | Reached skill level 5 in Evocations
 17003 | Lair:2   | Killed Usija's ghost
 18076 | Lair:4   | Noticed an eight-headed hydra
 18083 | Lair:4   | Killed a ten-headed hydra
 18158 | Lair:4   | Noticed a five-headed hydra
 18178 | Lair:4   | Killed a five-headed hydra
 18478 | Lair:4   | Quit the game

Levels and vault maps discovered:
D:1:      matt_arrival_los_fun, layout_basic
D:2:      layout_basic, first_ration, okawaru_ov_weapons_minmay, uniq_robin
D:3:      layout_rooms, marbit_many_paths, grunt_temple_overflow_diamond,
          minmay_misc_feat_rows
D:4:      layout_rooms, grunt_temple_overflow_gold_and_silver,
          cheibrodos_ashenzari_chains, kennysheep_mini_moat,
          minmay_temple_entry_mist, uniq_duvessa
D:5:      layout_rooms, kennysheep_minor_cross
D:6:      layout_cave_pods, chequers_serial_rivers_small_b
D:7:      minmay_octagon_keep, layout_loops_corners,
          ebering_ghost_reflecting_pool, grunt_ogre_cave,
          chequers_serial_rivers_micro_e
D:8:      layout_gridville
D:9:      layout_roguey, hellmonk_ghost_happy_afterlife
D:10:     layout_roguey, special_room [special_room_orc],
          kb_lookout_dungeons_type, fedhas_altar_3
D:11:     layout_basic, lair_entry_dummy, david_orc_4, gammafunk_ghost_split,
          solitary_fountain, moated_statue, uniq_grum
Temple:   eino_narrow_crystal_temple
Lair:1:   layout_roguey [special_room_bee], basic_altar, minivault_24,
          infiniplex_staircase_pool_2, grunt_megastairs_4, serial_bayou_shore_b
Lair:2:   layout_concentric_octagons, serial_bayou_shore_b
Lair:3:   layout_gridlike, gauntlet_entry_generic, gammafunk_ghost_ooze,
          lemuel_fruit_tree
Lair:4:   layout_roguey, palyth_hydra_swamp_entry,
          minmay_snake_entry_six_corridors, fungi_pond_lemuel

Skill      XL: |  1  2  3  4  5  6  7  8  9 10 11 12 13 |
---------------+----------------------------------------+-----
Shields        | 4 5 6 7 8 9 |  9.0
Axes           | 3 4 5 6 9 10 12 13 14 | 14.0
Invocations    | 2 4 5 9 |  9.2
Evocations     | 3 6 |  6.0
Fighting       | 5 8 |  8.3
Dodging        | 4 7 8 |  8.1
Armour         | 7 8 |  8.0

Action                   |  1- 3 |  4- 6 |  7- 9 | 10-12 | 13-15 || total
-------------------------+-------+-------+-------+-------+-------++-------
Melee: War axe           |    73 |   155 |   230 |   139 |       ||   597
       Battleaxe         |       |       |    40 |   331 |   181 ||   552
Throw: Throwing net      |       |       |       |     1 |       ||     1
Invok: Divine Shield     |       |       |       |     1 |     2 ||     3
 Abil: Dig               |       |     2 |     3 |     8 |     3 ||    16
Evoke: Wand              |       |       |       |    12 |     5 ||    17
  Use: Scroll            |       |     3 |     4 |     9 |     5 ||    21
       Potion            |       |       |       |       |     3 ||     3
  Eat: Chunk             |       |     7 |    12 |    16 |     1 ||    36
       Ration            |       |       |       |     4 |     4 ||     8
Armor: Scale mail        |    25 |    77 |   101 |   135 |    38 ||   376
       Skin              |       |       |    26 |       |    16 ||    42
Dodge: Dodged            |    26 |    55 |    90 |   182 |    80 ||   433
Block: Kite shield       |    32 |   103 |   160 |   271 |   122 ||   688

Table legend:
 A = Non-vault XP
 B = Vault XP
 C = Vault XP percentage of total XP
 D = Non-vault monster count
 E = Vault monster count
 F = Vault count percentage of total count
                 A         B        C        D         E       F
            +---------+---------+-------+---------+---------+-------
      Total |   26093 |   15731 |  37.6 |     289 |     117 |  28.8
            +---------+---------+-------+---------+---------+-------
        D:1 |      53 |       0 |   0.0 |      27 |       0 |   0.0
        D:2 |     102 |      36 |  26.1 |      25 |      12 |  32.4
        D:3 |      96 |       2 |   2.0 |      18 |       1 |   5.3
        D:4 |     318 |     234 |  42.4 |      10 |       2 |  16.7
        D:5 |    1009 |       0 |   0.0 |      24 |       0 |   0.0
        D:6 |     812 |       0 |   0.0 |      13 |       0 |   0.0
        D:7 |    1113 |    1465 |  56.8 |      22 |      11 |  33.3
        D:8 |    2168 |       0 |   0.0 |      22 |       0 |   0.0
        D:9 |    2879 |    1047 |  26.7 |      30 |       1 |   3.2
       D:10 |     997 |    2092 |  67.7 |      11 |      22 |  66.7
       D:11 |    1523 |    1729 |  53.2 |      22 |      19 |  46.3
     Lair:1 |    2159 |    2060 |  48.8 |      10 |      27 |  73.0
     Lair:2 |    6153 |    1239 |  16.8 |      25 |       2 |   7.4
     Lair:3 |    3721 |     389 |   9.5 |      16 |       4 |  20.0
     Lair:4 |    2990 |    2380 |  44.3 |      14 |       7 |  33.3
   Gauntlet |       0 |    3058 | 100.0 |       0 |       9 | 100.0
            +---------+---------+-------+---------+---------+-------
